 Dungeon Crawl Stone Soup version 0.25-a0-420-g1cc7eeb (webtiles) character file.

Game seed: 3330232826822783339, levelgen mode: deterministic

16 Kurtz the Chopper (level 2, 24/24 HPs)
             Began as a Mummy Chaos Knight on Dec 20, 2019.
             Was a Plaything of Xom.
             Quit the game on level 1 of the Dungeon on Jan 18, 2020.
             The game lasted 00:03:28 (299 turns).

Kurtz the Chopper (Mummy Chaos Knight)               Turns: 299, Time: 00:03:28

Health: 24/24      AC:  5    Str: 15    XL:     2   Next: 37%
Magic:  2/2        EV: 11    Int: 11    God:    Xom [....*.]
Gold:   28         SH:  0    Dex: 11    Spells: 1/1 levels left

rFire    x . .     SeeInvis .   a - +0 hand axe (chaos)
rCold    + . .     Gourm    .   (no shield)
rNeg     + + +     Faith    .   b - +2 leather armour
rPois    ∞         Spirit   .   (no helmet)
rElec    .         Reflect  .   (no cloak)
rCorr    .         Harm     .   (no gloves)
MR       .....                  (no boots)
Stlth    +.........             (no amulet)
HPRegen  0.08/turn              (no ring)
MPRegen  0.08/turn              (no ring)

@: no status effects
A: no food or potions, fire vulnerability, cold resistance 1, negative energy
resistance 3, torment resistance, unbreathing
a: Renounce Religion


You were on level 1 of the Dungeon.
You worshipped Xom.
You were a beloved toy of Xom.
You were not hungry.

You visited 1 branch of the dungeon, and saw 1 of its levels.

You collected 28 gold pieces.

Inventory:

Hand Weapons
 a - a +0 hand axe of chaos (weapon)
Armour
 b - a +2 leather armour (worn)
Scrolls
 c - a scroll of fear {unknown}
 d - a scroll of remove curse {unknown}
 e - 2 scrolls of identify {unknown}


   Skills:
 - Level 3.0 Fighting
 * Level 3.1 Axes
 - Level 1.5 Armour
 - Level 0.7 Dodging


You had one spell level left.
You didn't know any spells.
Your spell library was empty.

Dungeon Overview and Level Annotations

Branches:
Dungeon (1/15)

Altars:


Innate Abilities, Weirdness & Mutations

You do not eat or drink.
Your flesh is vulnerable to fire.
You are immune to poison.
Your flesh is cold resistant. (rC+)
You are immune to negative energy. (rN+++)
You are immune to unholy pain and torment.
You can survive without breathing.


Message History

No target in view!
No target in view!
No target in view!
Found a stone staircase leading down.
Found 8 stones.
Found a stone staircase leading down.
You see here a fuming coppery potion.
Partly explored, can't reach some items.
No target in view!
Partly explored, can't reach some items.
Partly explored, can't reach some items.
Partly explored, can't reach some items.
Partly explored, can't reach some items.
Welcome back, Kurtz the Mummy Chaos Knight.
Xom snickers.
Press ? for a list of commands and other information.
Welcome back, Kurtz the Mummy Chaos Knight.
Xom titters.
Press ? for a list of commands and other information.
Are you sure you want to abandon this character and quit the game? (Confirm with "yes".)

.#....÷........##.# #########
...............##.#####.......#
.....#.....8..................#
......................#.......#
.#...#................#.......#
.)........§8..........#.......#
...####....<..........#.......#
.#.# #.8§§...8.......#########
.#.## #...≈§§§..@.....#
.#..#####§≈≈§§##.###.## .##..##
#≈§§§≈##.# #.#
.###..###≈≈>≈§##.# #.#
..###..#########.###.#
.......#########.##..#
.....†...........##..#
.....).....########..####
......###...#...........#


There were no monsters in sight!

Vanquished Creatures
  3 giant cockroaches (D:1)
  3 goblins (D:1)
  3 hobgoblins (D:1)
  2 bats (D:1)
  A kobold (D:1)
  2 rats (D:1)
14 creatures vanquished.

Notes
Turn   | Place    | Note
-------+----------+-------------------------------------------
     0 | D:1      | Kurtz the Mummy Chaos Knight began the quest for the Orb.
     0 | D:1      | Reached XP level 1. HP: 18/18 MP: 1/1
    60 | D:1      | Reached XP level 2. HP: 24/24 MP: 2/2
    91 | D:1      | XOM: divination: magic mapping
   299 | D:1      | Upgraded the game from 0.25-a0-299-gced51cc to
                  | 0.25-a0-420-g1cc7eeb
   299 | D:1      | Quit the game

Levels and vault maps discovered:
D:1:      grunt_arrival_lava_bath, layout_rooms

Skill      XL: |  1 |
---------------+----+-----
Axes           | 3 |  3.1
Fighting       | |  3.0
Armour         | |  1.5
Dodging        | |  0.7

Action                   || total
-------------------------++-------
Melee: Hand axe          ||    42
 Stab: Paralysed         ||     1
Armor: Leather armour    ||    13
Dodge: Dodged            ||    31

Table legend:
 A = Non-vault XP
 B = Vault XP
 C = Vault XP percentage of total XP
 D = Non-vault monster count
 E = Vault monster count
 F = Vault count percentage of total count
                 A         B        C        D         E       F
            +---------+---------+-------+---------+---------+-------
      Total |      23 |       0 |   0.0 |      14 |       0 |   0.0
            +---------+---------+-------+---------+---------+-------
        D:1 |      23 |       0 |   0.0 |      14 |       0 |   0.0
            +---------+---------+-------+---------+---------+-------
